[Event "Early-Titled-Tuesday-Blitz-September-05-2023"]
[Site "Chess.com"]
[Date "2023.09.05"]
[Round "1"]
[White "Logman74"]
[Black "Zkid"]
[Result "0-1"]
[WhiteElo "2469"]
[BlackElo "2850"]
[TimeControl "180+1"]
[EndTime "8:01:07 PDT"]
[Termination "Zkid won by resignation"]

1. e4 e6 2. d4 d5 3. Nd2 c5 4. exd5 Qxd5 5. Ngf3 cxd4 6. Bc4 Qd7 7. O-O Nc6 8. Nb3 Nf6 9. Nbxd4 Nxd4 10. Nxd4 a6 11. c3 Bd6 12. Bg5 Qc7 13. h3 Qxc4 0-1

[Event "Early-Titled-Tuesday-Blitz-September-05-2023"]
[Site "Chess.com"]
[Date "2023.09.05"]
[Round "1"]
[White "Shield12"]
[Black "2k28Lakers"]
[Result "1-0"]
[WhiteElo "2948"]
[BlackElo "2509"]
[TimeControl "180+1"]
[EndTime "8:01:09 PDT"]
[Termination "Shield12 won by resignation"]

1. e4 e5 2. Nc3 Nf6 3. Nf3 Nc6 4. Be2 Bc5 5. Nxe5 Nxe5 6. d4 Bd6 7. dxe5 Bxe5 8. Nb5 c6 9. Nd6+ Bxd6 10. Qxd6 Qe7 11. Qxe7+ Kxe7 12. e5 Nd5 13. b3 d6 14. Ba3 c5 15.
exd6+ Kxd6 16. O-O-O Kc6 17. Bf3 1-0

[Event "Early-Titled-Tuesday-Blitz-September-05-2023"]
[Site "Chess.com"]
[Date "2023.09.05"]
[Round "1"]
[White "MikeSailer"]
[Black "djano"]
[Result "0-1"]
[WhiteElo "2174"]
[BlackElo "2577"]
[TimeControl "180+1"]
[EndTime "8:02:02 PDT"]
[Termination "djano won by resignation"]

1. d4 Nf6 2. Nc3 d5 3. Bf4 e6 4. e3 a6 5. a3 c5 6. Nf3 Nc6 7. Qd2 b5 8. h3 Qb6 9. Be2 cxd4 10. exd4 Ne4 11. O-O Nxd2 0-1

[Event "Early-Titled-Tuesday-Blitz-September-05-2023"]
[Site "Chess.com"]
[Date "2023.09.05"]
[Round "1"]
[White "TimofeevAr"]
[Black "vidavi"]
[Result "1-0"]
[WhiteElo "2859"]
[BlackElo "2474"]
[TimeControl "180+1"]
[EndTime "8:02:22 PDT"]
[Termination "TimofeevAr won by resignation"]

1. c4 e5 2. e3 Nf6 3. Nc3 Bb4 4. Nge2 O-O 5. a3 Bd6 6. Ng3 c6 7. Be2 Bc7 8. d4 d5 9. cxd5 Nxd5 10. O-O Be6 11.
Nce4 Nd7 12. dxe5 Bxe5 13. f4 f5 14. Ng5 1-0

[Event "Early-Titled-Tuesday-Blitz-September-05-2023"]
[Site "Chess.com"]
[Date "2023.09.05"]
[Round "1"]
[White "Zheenbekov86"]
[Black "Witik"]
[Result "0-1"]
[WhiteElo "2390"]
[BlackElo "2684"]
[TimeControl "180+1"]
[EndTime "8:02:46 PDT"]
[Termination "Witik won by resignation"]

1. e4 c6 2. d4 d5 3. Nc3 dxe4 4. Nxe4 Bf5 5. Ng3 Bg6 6. Nf3 e6 7. Bc4 Nd7 8. O-O Ngf6 9. Qe2 Bd6 10. Ne5 O-O 11. Bg5 Qc7 12. Rfe1 c5 13. Nxg6 hxg6 14. dxc5 Nxc5 15. Rad1 Bf4 16. Bxf4 Qxf4 17. Qe5 Qxc4 0-1

[Event "Early-Titled-Tuesday-Blitz-September-05-2023"]
[Site "Chess.com"]
[Date "2023.09.05"]
[Round "1"]
[White "frequentblunders"]
[Black "isaak2009"]
[Result "0-1"]
[WhiteElo "2096"]
[BlackElo "2566"]
[TimeControl "180+1"]
[EndTime "8:02:46 PDT"]
[Termination "isaak2009 won by resignation"]

1. d3 d5 2. f4 c5 3. Nf3 Nc6 4.
g3 Bg4 5. Bg2 Nf6 6. Bd2 Bxf3 7.
Bxf3 e5 8. O-O e4 9. Bg2 Be7 10. c4 exd3 11. exd3 O-O 12. Nc3 dxc4 13. dxc4 Qd4+ 14.
Kh1 Qxc4 15. Rc1 Qa6 16. Qb3 Rfd8 17. Be3 Rab8 18. Ne4 Nxe4 19. Bxe4 Nd4 20. Qc3 Ne2 21. Qc2 Nxc1 22. Bxh7+ Kh8 23. Rxc1 g6 24. Bxg6 Qxg6 0-1

[Event "Early-Titled-Tuesday-Blitz-September-05-2023"]
[Site "Chess.com"]
[Date "2023.09.05"]
[Round "1"]
[White "kleinebeer98"]
[Black "Samatsa"]
[Result "1-0"]
[WhiteElo "2862"]
[BlackElo "2474"]
[TimeControl "180+1"]
[EndTime "8:02:55 PDT"]
[Termination "kleinebeer98 won by resignation"]

1. e4 c5 2. Nf3 Nc6 3. Bc4 e6 4.
O-O Qc7 5. c3 Nf6 6. d4 cxd4 7.
cxd4 d5 8. exd5 exd5 9. Bb3 Be7 10. Nc3 Be6 11. Bg5 O-O-O 12. Rc1 Kb8 13. Nb5 1-0

[Event "Early-Titled-Tuesday-Blitz-September-05-2023"]
[Site "Chess.com"]
[Date "2023.09.05"]
[Round "1"]
[White "Polish_fighter3000"]
[Black "Ural_bogatyr"]
[Result "1-0"]
[WhiteElo "3100"]
[BlackElo "2543"]
[TimeControl "180+1"]
[EndTime "8:03:10 PDT"]
[Termination "Polish_fighter3000 won by resignation"]

1. Nf3 Nf6 2. c4 e6 3. b3 d5 4. Bb2 c5 5. e3 Nc6 6. cxd5 exd5 7. Be2 Bd6 8. O-O O-O 9. d4 cxd4 10. Nxd4 Qe7 11.
Nd2 Ne4 12. Nxe4 dxe4 13. Nxc6 bxc6 14. Qd4 f6 15. Qc4+ Kh8 16. Qxc6 Bb7 17. Qb5 f5 18.
Rfd1 f4 19. Rxd6 Qxd6 20. Qxb7 1-0

[Event "Early-Titled-Tuesday-Blitz-September-05-2023"]
[Site "Chess.com"]
[Date "2023.09.05"]
[Round "1"]
[White "ChessboArt"]
[Black "Alexei_Gubajdullin"]
[Result "0-1"]
[WhiteElo "2230"]
[BlackElo "2590"]
[TimeControl "180+1"]
[EndTime "8:03:26 PDT"]
[Termination "Alexei_Gubajdullin won by resignation"]

1. Nf3 Nf6 2. g3 g6 3. Bg2 Bg7 4. c4 O-O 5. Nc3 Nc6 6. O-O d6 7. d3 Nh5 8. Rb1 f5 9. Qc2 f4 10.
b4 Bg4 11. b5 Bxf3 12. Bxf3 Nd4 13. Qd2 fxg3 14. hxg3 Rxf3 15. exf3 Nxf3+ 16. Kg2 Nxd2 17. Bxd2 Bxc3 18. Bxc3 Qd7 0-1

[Event "Early-Titled-Tuesday-Blitz-September-05-2023"]
[Site "Chess.com"]
[Date "2023.09.05"]
[Round "1"]
[White "wannabe2700"]
[Black "Al_Shima"]
[Result "1-0"]
[WhiteElo "2644"]
[BlackElo "2338"]
[TimeControl "180+1"]
[EndTime "8:03:27 PDT"]
[Termination "wannabe2700 won by checkmate"]

1. f4 e5 2. fxe5 d6 3. exd6 Bxd6 4. Nf3 g5 5. g3 h5 6. d4 f6 7. e4 Nc6 8. Bb5 a6 9. Ba4 b5 10. Bb3 Bg4 11. Be3 Qe7 12. Nbd2 O-O-O 13. a4 b4 14. Qe2 Kb7 15. Bd5 h4 16. Nb3 Kb6 17. Qc4 Na5 18.
Nxa5 Kxa5 19. Nd2 Kb6 20. Qc6+ Ka7 21. Qb7# 1-0

[Event "Early-Titled-Tuesday-Blitz-September-05-2023"]
[Site "Chess.com"]
[Date "2023.09.05"]
[Round "1"]
[White "Nick12772"]
[Black "Let_it_be_1"]
[Result "0-1"]
[WhiteElo "2339"]
[BlackElo "2643"]
[TimeControl "180+1"]
[EndTime "8:03:27 PDT"]
[Termination "Let_it_be_1 won by resignation"]

1. Nf3 d5 2. g3 Nf6 3. Bg2 e6 4. O-O Be7 5. d4 O-O 6. Nbd2 Nbd7 7. b3 c5 8. Bb2 b6 9. e3 Bb7 10. Re1 Rc8 11. c4 Qc7 12. Rc1 Qb8 13. Qc2 cxd4 14.
Bxd4 dxc4 15. bxc4 Nc5 16. Qb2 Nd3 17. Qa1 Nxe1 18.
Nxe1 Bxg2 19. Nxg2 Rfd8 20. Nf3 Ne8 21. Nf4 Bf6 22. Ne5 Qb7 23. Nh5 Bxe5 24. Bxe5 f6 25. Bd4 e5 26. Bc3 g6 0-1

[Event "Early-Titled-Tuesday-Blitz-September-05-2023"]
[Site "Chess.com"]
[Date "2023.09.05"]
[Round "1"]
[White "nrvignesh"]
[Black "brunoo2003"]
[Result "1-0"]
[WhiteElo "2816"]
[BlackElo "2448"]
[TimeControl "180+1"]
[EndTime "8:03:33 PDT"]
[Termination "nrvignesh won by resignation"]

1. d4 Nf6 2. c4 g6 3. Nc3 Bg7 4.
g3 O-O 5. Bg2 d6 6. Nf3 Nc6 7. O-O e5 8. dxe5 dxe5 9. Bg5 h6 10.
Qxd8 Rxd8 11. Bxf6 Bxf6 12. Nd5 Bg7 13. Nxc7 Rb8 14.
e4 Bg4 15. Nd5 Bxf3 16. Bxf3 Nd4 17. Kg2 Kf8 18. h4 Rbc8 19. Rac1 Rd6 20. h5 Rdc6 21.
hxg6 fxg6 22. Bg4 Rd8 23. f4 exf4 24. Rxf4+ Ke8 25. Rcf1 Ne6 26. Bxe6 Rxe6 27. Nc7+ Ke7 28. Rf7+ 1-0

[Event "Early-Titled-Tuesday-Blitz-September-05-2023"]
[Site "Chess.com"]
[Date "2023.09.05"]
[Round "1"]
[White "Flaccidmoves"]
[Black "BilodeauA"]
[Result "0-1"]
[WhiteElo "2494"]
[BlackElo "2918"]
[TimeControl "180+1"]
[EndTime "8:03:37 PDT"]
[Termination "BilodeauA won by resignation"]

1. c4 e5 2. Nc3 d6 3. Nf3 f5 4. d3 Nf6 5. g3 g6 6. Bg2 Bg7 7.
O-O O-O 8. Rb1 Nc6 9. b4 a6 10. a4 h6 11. b5 axb5 12. axb5 Ne7 13. Nd2 g5 14. Qb3 Kh8 15. Ba3 f4 16. Nde4 Nf5 17. Nxf6 Bxf6 18. Ne4 Nd4 19. Qd1 Rxa3 0-1

[Event "Early-Titled-Tuesday-Blitz-September-05-2023"]
[Site "Chess.com"]
[Date "2023.09.05"]
[Round "1"]
[White "MajorCoast"]
[Black "hakanazeri2"]
[Result "0-1"]
[WhiteElo "2301"]
[BlackElo "2624"]
[TimeControl "180+1"]
[EndTime "8:03:43 PDT"]
[Termination "hakanazeri2 won by resignation"]

1. d4 Nf6 2. Nf3 e6 3. Bf4 d5 4. e3 Bd6 5. Bg3 c5 6. c3 Qc7 7.
Bd3 Nbd7 8. Nbd2 e5 9. dxe5 Nxe5 10. Nxe5 Bxe5 11. Bxe5 Qxe5 12. Nf3 Qe7 13. O-O O-O 14. h3 h6 15. Re1 b6 16. Nd2 Bb7 17. Rc1 Rad8 18.
c4 dxc4 19. Bxc4 Ne4 20. Rc2 Qd7 21. Re2 b5 22. Qc1 bxc4 23. Nxc4 Ba6 24. Re1 Qf5 25. Rd1 Bxc4 0-1

[Event "Early-Titled-Tuesday-Blitz-September-05-2023"]
[Site "Chess.com"]
[Date "2023.09.05"]
[Round "1"]
[White "WelshTiger"]
[Black "vladislavkovalev"]
[Result "0-1"]
[WhiteElo "2492"]
[BlackElo "2917"]
[TimeControl "180+1"]
[EndTime "8:03:47 PDT"]
[Termination "vladislavkovalev won by checkmate"]

1. e4 e5 2. Nf3 Nc6 3. d4 exd4 4. Bc4 Nf6 5. e5 d5 6. Bb5 Nd7 7. O-O Be7 8. Bxc6 bxc6 9. Nxd4 Nb8 10. Nc3 c5 11.
Ndb5 c6 12. Nd6+ Bxd6 13. exd6 O-O 14. Bf4 Be6 15. Na4 Nd7 16. c3 Qa5 17. Re1 Rab8 18. b3 Rfe8 19. Qd2 c4 20. Rab1 c5 21. Qc2 d4 22.
cxd4 cxb3 23. axb3 Bxb3 24. Rxb3 Qxe1# 0-1

[Event "Early-Titled-Tuesday-Blitz-September-05-2023"]
[Site "Chess.com"]
[Date "2023.09.05"]
[Round "1"]
[White "TomsKantans"]
[Black "InitiatingASC"]
[Result "1-0"]
[WhiteElo "2635"]
[BlackElo "2325"]
[TimeControl "180+1"]
[EndTime "8:03:53 PDT"]
[Termination "TomsKantans won by resignation"]

1. e4 c5 2. Nf3 Nc6 3. Bb5 Nf6 4. Nc3 g6 5. e5 Ng4 6. Bxc6 bxc6 7.
O-O Bg7 8. Re1 O-O 9. h3 Nh6 10. Ne4 d6 11. d4 cxd4 12. exd6 Nf5 13. dxe7 Nxe7 14. Bg5 Re8 15. Nf6+ Bxf6 16. Bxf6 c5 17. Qd2 Qd6 18. Qg5 Be6 19. Be5 1-0

[Event "Early-Titled-Tuesday-Blitz-September-05-2023"]
[Site "Chess.com"]
[Date "2023.09.05"]
[Round "1"]
[White "Ncatt"]
[Black "Legendinunknown"]
[Result "0-1"]
[WhiteElo "2465"]
[BlackElo "2834"]
[TimeControl "180+1"]
[EndTime "8:04:09 PDT"]
[Termination "Legendinunknown won by checkmate"]

1. e4 e5 2. Nf3 Nc6 3. Bc4 Nf6 4. O-O Nxe4 5. Qe2 d5 6. Bb5 Bd6 7. c4 Nf6 8. Nxe5 O-O 9. Nxc6 bxc6 10. Bxc6 Rb8 11.
cxd5 Bxh2+ 12. Kxh2 Ng4+ 13. Kg3 Qg5 14. f4 Qg6 15.
Kf3 Bf5 16. Rh1 Bd3 17. Qe1 Bxb1 18. d3 Bxd3 19. Bd2 Rxb2 20. Rh4 Bf5 21. Bc3 Rf2+ 22.
Kg3 Be4 23. Rh2 Rc2 24. f5 Bxf5 25. Kf4 Nxh2 26. Qe5 Qg4+ 27. Ke3 Re2# 0-1

[Event "Early-Titled-Tuesday-Blitz-September-05-2023"]
[Site "Chess.com"]
[Date "2023.09.05"]
[Round "1"]
[White "Jakuboss22005"]
[Black "DanielDardha2005"]
[Result "0-1"]
[WhiteElo "2512"]
[BlackElo "2950"]
[TimeControl "180+1"]
[EndTime "8:04:11 PDT"]
[Termination "DanielDardha2005 won by resignation"]

1. e4 e6 2. d4 d5 3. Nd2 c5 4. exd5 Qxd5 5. Ngf3 cxd4 6. Bc4 Qd7 7. O-O Nf6 8. Nb3 a6 9. Qxd4 Qxd4 10. Nbxd4 b5 11. Be2 Bb7 12. a4 b4 13. a5 Nbd7 14. Re1 Bd6 15.
Bg5 O-O 16. Rad1 Bc7 17. Nb3 Nd5 18. Bd2 Rfd8 19. Bf1 Rab8 20. Ne5 Bxe5 0-1

[Event "Early-Titled-Tuesday-Blitz-September-05-2023"]
[Site "Chess.com"]
[Date "2023.09.05"]
[Round "1"]
[White "Road2GM3000"]
[Black "Ramosha"]
[Result "0-1"]
[WhiteElo "2359"]
[BlackElo "2658"]
[TimeControl "180+1"]
[EndTime "8:04:17 PDT"]
[Termination "Ramosha won by resignation"]

1. d4 Nf6 2. c4 e6 3. Nc3 Bb4 4. Nf3 O-O 5. Bg5 d5 6. cxd5 exd5 7. e3 c5 8. Bd3 Qa5 9. Bxf6 Bxc3+ 10. bxc3 Qxc3+ 11. Kf1 gxf6 12. Rc1 Qa3 13. Rxc5 Nc6 14. Rxd5 Be6 15.
Rh5 Qxa2 16. Nd2 Rfd8 17. Bxh7+ Kf8 18. Ke2 Re8 19. Be4 Bg4+ 20. Bf3 Nxd4+ 21. Kf1 Nxf3 22. Rh8+ Kg7 23. Rxe8 Nxd2+ 0-1

[Event "Early-Titled-Tuesday-Blitz-September-05-2023"]
[Site "Chess.com"]
[Date "2023.09.05"]
[Round "1"]
[White "ShiroglanTalibov"]
[Black "aakankshachess"]
[Result "1-0"]
[WhiteElo "2779"]
[BlackElo "2426"]
[TimeControl "180+1"]
[EndTime "8:04:32 PDT"]
[Termination "ShiroglanTalibov won by resignation"]

1. e4 e5 2. Nf3 Nc6 3. Bb5 a6 4. Ba4 Nf6 5. d4 b5 6. Bb3 Bd6 7.
dxe5 Nxe5 8. Nxe5 Bxe5 9. f4 Qe7 10. fxe5 Qxe5 11. O-O O-O 12. Nc3 Bb7 13. Bf4 Qc5+ 14. Kh1 b4 15. Nd5 Nxe4 16. Be3 Qd6 17. Qd4 Rae8 18. Rae1 c5 19. Qd1 Qg6 20. Bc4 Re5 21. Bf4 Rh5 22. Ne7+ 1-0

[Event "Early-Titled-Tuesday-Blitz-September-05-2023"]
[Site "Chess.com"]
[Date "2023.09.05"]
[Round "1"]
[White "infinitegiantkiller"]
[Black "Vladimir_Zakhartsov"]
[Result "0-1"]
[WhiteElo "2485"]
[BlackElo "2893"]
[TimeControl "180+1"]
[EndTime "8:04:43 PDT"]
[Termination "Vladimir_Zakhartsov won by resignation"]

1. d4 Nf6 2. Nf3 e6 3. g3 c5 4.
Bg2 Nc6 5. O-O cxd4 6. Nxd4 Bc5 7. Nxc6 bxc6 8. b3 d5 9. Bb2 O-O 10. Nd2 a5 11. c4 a4 12. Rc1 Be7 13. Qc2 Ba6 14.
Rfd1 Qb6 15. e3 Nd7 16. Bd4 Qb7 17. cxd5 cxd5 18. bxa4 Rfc8 19. Qb3 Qb4 20. Qxb4 Bxb4 21. Nb3 Bc4 22. a5 Bxa5 23. Nxa5 Rxa5 24. e4 Rca8 25. exd5 Bxd5 26. Bxd5 Rxd5 27. Be3 Nf6 28. Bd4 Rad8 29. Rc4 e5 30. a4 exd4 0-1

[Event "Early-Titled-Tuesday-Blitz-September-05-2023"]
[Site "Chess.com"]
[Date "2023.09.05"]
[Round "1"]
[White "Kapitan_Bayan"]
[Black "ayanakhmetov"]
[Result "0-1"]
[WhiteElo "2205"]
[BlackElo "2589"]
[TimeControl "180+1"]
[EndTime "8:04:43 PDT"]
[Termination "ayanakhmetov won by resignation"]

1. e4 e6 2. d4 d5 3. Nc3 Bb4 4.
e5 c5 5. a3 Bxc3+ 6. bxc3 Nc6 7. Qg4 g6 8. h4 h6 9. Nf3 Qa5 10. Bd2 c4 11. Be2 Bd7 12. O-O O-O-O 13. Nh2 Rf8 14. f4 Nxd4 15. Ra2 h5 16. cxd4 Qxd2 17. Qf3 Qxd4+ 18. Kh1 Nh6 19. c3 Qc5 20. Rb1 Nf5 21.
Rab2 Bc6 0-1

[Event "Early-Titled-Tuesday-Blitz-September-05-2023"]
[Site "Chess.com"]
[Date "2023.09.05"]
[Round "1"]
[White "alpltl"]
[Black "Diaschess88"]
[Result "0-1"]
[WhiteElo "2328"]
[BlackElo "2639"]
[TimeControl "180+1"]
[EndTime "8:04:45 PDT"]
[Termination "Diaschess88 won by checkmate"]

1. Nf3 Nf6 2. g3 g6 3. Bg2 Bg7 4. O-O O-O 5. d3 c5 6. Nbd2 d6 7. e4 Nc6 8. a4 Rb8 9. c3 a6 10. Re1 Nd7 11. Qc2 b5 12. axb5 axb5 13. Nf1 b4 14.
Bd2 Bb7 15. Ne3 Nb6 16. h4 h5 17. Kh2 e6 18. Nc4 Nxc4 19. dxc4 Ne5 20. Nxe5 Bxe5 21.
Bh6 Re8 22. f4 Bh8 23. Rad1 bxc3 24. bxc3 Kh7 25. Bg5 f6 26. e5 fxg5 27. Rxd6 Qc7 28. hxg5 Bxg2 29. Qxg2 Bg7 30. Rc6 Qa5 31. Rd1 Re7 32.
Rd3 Qa3 33. Kh3 Rb2 34. Qf3 Qa2 35. g4 Rh2+ 36. Kg3 h4# 0-1

[Event "Early-Titled-Tuesday-Blitz-September-05-2023"]
[Site "Chess.com"]
[Date "2023.09.05"]
[Round "1"]
[White "miraitrunks"]
[Black "Mesa_1"]
[Result "0-1"]
[WhiteElo "2024"]
[BlackElo "2560"]
[TimeControl "180+1"]
[EndTime "8:04:45 PDT"]
[Termination "Mesa_1 won by resignation"]

1. e4 e5 2. Nf3 Nc6 3. Bb5 a6 4. Ba4 Nf6 5. d3 b5 6. Bb3 Bc5 7. O-O d6 8. h3 h6 9. c3 O-O 10. a4 Bb7 11. d4 Bb6 12. axb5 axb5 13. Rxa8 Qxa8 14. Re1 exd4 15. cxd4 Na5 16. Bc2 Nxe4 17. Qd3 Re8 18. Qxb5 Bc6 19. Qd3 Nf6 20. Rxe8+ Qxe8 21. Nc3 Bxf3 22. Qxf3 Bxd4 23. Bxh6 gxh6 24. Nd5 Nxd5 25.
Qxd5 Qe1+ 26. Kh2 Qe5+ 0-1

[Event "Early-Titled-Tuesday-Blitz-September-05-2023"]
[Site "Chess.com"]
[Date "2023.09.05"]
[Round "1"]
[White "Msb2"]
[Black "bazar-wokzal"]
[Result "1-0"]
[WhiteElo "3102"]
[BlackElo "2545"]
[TimeControl "180+1"]
[EndTime "8:04:46 PDT"]
[Termination "Msb2 won by resignation"]

1. d4 Nf6 2. c4 Nc6 3. Nf3 e6 4. Nc3 Bb4 5. Bd2 O-O 6. e3 d6 7. Bd3 e5 8. d5 Ne7 9. e4 c6 10. O-O cxd5 11. cxd5 Bg4 12. h3 Bh5 13. Be2 Bxc3 14.
bxc3 Nxe4 15. c4 Bxf3 16. Bxf3 Nxd2 17. Qxd2 Rc8 18. Rfc1 Rc5 19. Be2 f5 20. a4 Ng6 21.
a5 Qh4 22. Bf1 e4 23. Rab1 Rf7 24. Rb5 Rfc7 25. Rxc5 Rxc5 26. Rb1 Qe7 27. Qb4 Rc7 28. c5 dxc5 29. Qa4 Ne5 30. d6 Qd7 31. dxc7 1-0

[Event "Early-Titled-Tuesday-Blitz-September-05-2023"]
[Site "Chess.com"]
[Date "2023.09.05"]
[Round "1"]
[White "binbin239"]
[Black "LUISMIGUELOV"]
[Result "0-1"]
[WhiteElo "2545"]
[BlackElo "2078"]
[TimeControl "180+1"]
[EndTime "8:04:56 PDT"]
[Termination "LUISMIGUELOV won by checkmate"]

1. d4 d5 2. c4 c6 3. Nf3 Nf6 4. Qc2 g6 5. Bf4 Bf5 6. Qb3 Qb6 7. e3 Qxb3 8. axb3 a6 9. Nc3 Nbd7 10. h3 dxc4 11.
bxc4 h5 12. Be2 Bg7 13. Ne5 Nxe5 14. Bxe5 O-O 15. Na4 Ne4 16. Bxg7 Kxg7 17. O-O Rfe8 18. f3 Nd6 19. e4 Be6 20. d5 cxd5 21. cxd5 Bd7 22.
Nb6 Rad8 23. Rfc1 Bb5 24. Kf2 Bxe2 25. Kxe2 Nb5 26. Ra4 e6 27. Kf2 exd5 28. Nxd5 f5 29. Nc7 Re7 30. Nxb5 axb5 31. Rb4 fxe4 32. fxe4 Re5 33.
Rc7+ Kh6 34. Rxb7 Rd2+ 35. Kf3 Rg5 36. g4 hxg4+ 37. hxg4 Rd3+ 38. Kf4 Rc5 39. R4xb5 g5# 0-1

[Event "Early-Titled-Tuesday-Blitz-September-05-2023"]
[Site "Chess.com"]
[Date "2023.09.05"]
[Round "1"]
[White "ckgchess"]
[Black "isla88"]
[Result "1-0"]
[WhiteElo "2863"]
[BlackElo "2477"]
[TimeControl "180+1"]
[EndTime "8:04:58 PDT"]
[Termination "ckgchess won by resignation"]

1. e4 d6 2. d4 Nf6 3. Nc3 e5 4.
Nf3 Nbd7 5. Rg1 g6 6. g4 exd4 7.
Nxd4 Bg7 8. g5 Nh5 9. Be2 Nc5 10. Be3 Ne6 11. Nxe6 Bxe6 12. Bxh5 gxh5 13. Bd4 Bxd4 14.
Qxd4 Rg8 15. f4 Qe7 16. O-O-O O-O-O 17. Qxa7 c6 18. Rd4 f6 19. Rb4 Qc7 20. gxf6 Rxg1+ 21. Qxg1 Rg8 22. Qa7 d5 23. exd5 c5 24. Qa8+ Kd7 25.
dxe6+ Kc6 26. Qa4+ Kd6 27. Nb5+ 1-0

[Event "Early-Titled-Tuesday-Blitz-September-05-2023"]
[Site "Chess.com"]
[Date "2023.09.05"]
[Round "1"]
[White "kaanadayhamle"]
[Black "wqws"]
[Result "0-1"]
[WhiteElo "2349"]
[BlackElo "2654"]
[TimeControl "180+1"]
[EndTime "8:04:58 PDT"]
[Termination "wqws won by resignation"]

1. e4 c5 2. Nf3 d6 3. Bb5+ Nd7 4.
c4 a6 5. Ba4 e5 6. O-O Nf6 7.
Nc3 g6 8. d3 Bg7 9. h3 O-O 10.
Be3 Rb8 11. Qd2 Ne8 12. Bh6 Nc7 13. Bxg7 Kxg7 14. Bc2 b5 15. b3 b4 16. Nd5 Nxd5 17. exd5 Nf6 18. Ng5 h6 19. Ne4 Nh5 20. Rae1 f5 21.
Ng3 Nf4 22. Ne2 Nxe2+ 23. Qxe2 f4 24. Bd1 f3 25. Qe3 fxg2 26. Kxg2 Qh4 27. Qg3 Qxg3+ 28. fxg3 Bf5 29. Be2 a5 30. g4 Bd7 31. Bf3 a4 32. Be4 Rxf1 33. Rxf1 Ra8 34. Kg3 a3 35. h4 Rf8 36. Rxf8 Kxf8 37. Bxg6 Ba4 38. bxa4 b3 39. a5 bxa2 40. a6 a1=Q 41. a7 Qe1+ 42. Kf3 Qa5 0-1

[Event "Early-Titled-Tuesday-Blitz-September-05-2023"]
[Site "Chess.com"]
[Date "2023.09.05"]
[Round "1"]
[White "juancruzarias"]
[Black "gm_rashid"]
[Result "1-0"]
[WhiteElo "2681"]
[BlackElo "2391"]
[TimeControl "180+1"]
[EndTime "8:05:00 PDT"]
[Termination "juancruzarias won by checkmate"]

1. d4 Nf6 2. Nf3 g6 3. Nbd2 Bg7 4. e4 d6 5. Bb5+ c6 6. Bd3 Nbd7 7. O-O O-O 8. c3 b5 9. a4 Qb6 10. Qb3 Rb8 11. axb5 cxb5 12. Qa2 a6 13. Re1 Bb7 14. Nf1 Rfc8 15. Ng3 Ne8 16. Bg5 e6 17. Be3 d5 18.
e5 Qc7 19. Bd2 Nb6 20. b3 Qd7 21. h4 h5 22. Qb1 Ra8 23. Ng5 Bf8 24. Re3 a5 25.
Rf3 Rc7 26. Bxg6 fxg6 27. Qxg6+ Ng7 28. Qh7# 1-0

[Event "Early-Titled-Tuesday-Blitz-September-05-2023"]
[Site "Chess.com"]
[Date "2023.09.05"]
[Round "1"]
[White "dropstoneDP"]
[Black "jup1978"]
[Result "1-0"]
[WhiteElo "3003"]
[BlackElo "2523"]
[TimeControl "180+1"]
[EndTime "8:05:01 PDT"]
[Termination "dropstoneDP won by resignation"]

1. e4 c5 2. Nf3 d6 3. d4 cxd4 4. Nxd4 Nf6 5. Nc3 Nc6 6. Bg5 g6 7. Bxf6 exf6 8. Bb5 Bd7 9. Qd2 Bg7 10. O-O-O O-O 11. Nxc6 bxc6 12. Qxd6 cxb5 13. Qxd7 Qb6 14. Qd4 Qa5 15. Kb1 Rac8 16. Nd5 Kh8 17. c3 f5 18. Qd3 fxe4 19. Qxe4 Rfe8 20. Qf3 f5 21. Rhe1 Red8 22. h4 Qa4 23. h5 a5 24. hxg6 h6 25.
Nb6 Qh4 26. Nxc8 Rxc8 27. Qxf5 Rb8 28. Re4 Qh2 29. Qf4 Qxf4 30. Rxf4 b4 31. cxb4 axb4 32. Rxb4 Rxb4 33. Rd8+ Bf8 34. Rxf8+ Kg7 35. Rf3 Kxg6 36. a3 Rb7 37. Ka2 1-0

[Event "Early-Titled-Tuesday-Blitz-September-05-2023"]
[Site "Chess.com"]
[Date "2023.09.05"]
[Round "1"]
[White "ContrVersia"]
[Black "DeArron_Fox"]
[Result "1-0"]
[WhiteElo "2935"]
[BlackElo "2503"]
[TimeControl "180+1"]
[EndTime "8:05:04 PDT"]
[Termination "ContrVersia won on time"]

1. Nf3 d5 2. c4 e6 3. g3 Nf6 4.
Bg2 Be7 5. O-O O-O 6. b3 b6 7. Bb2 Bb7 8. e3 c5 9. Nc3 Nc6 10. cxd5 Nxd5 11. Nxd5 exd5 12. d4 Bf6 13. Qd2 Rc8 14.
Rac1 Ba6 15. Rfd1 Nb4 16. Bc3 Nd3 17. Bf1 Nxc1 18. Bxa6 cxd4 19. Nxd4 Nxa2 20. Ba1 Rc5 21.
Qxa2 Ra5 22. Qe2 Qe8 23. Bc3 Ra3 24. Bb4 Bxd4 25. Bxf8 1-0

[Event "Early-Titled-Tuesday-Blitz-September-05-2023"]
[Site "Chess.com"]
[Date "2023.09.05"]
[Round "1"]
[White "WPWPWP-2015"]
[Black "Nbk90"]
[Result "1-0"]
[WhiteElo "2566"]
[BlackElo "2104"]
[TimeControl "180+1"]
[EndTime "8:05:06 PDT"]
[Termination "WPWPWP-2015 won on time"]

1. e4 e6 2. d4 d5 3. Nc3 Bb4 4. a3 Bxc3+ 5. bxc3 dxe4 6. Qg4 g6 7. Qxe4 Nf6 8. Qf3 c5 9. Bb5+ Nfd7 10. Ne2 cxd4 11. O-O a6 12. Ba4 dxc3 13. Bh6 Qa5 14. Bb3 Nc6 15. Bg7 Rg8 16. Bxc3 Qf5 17. Qg3 Nc5 18. Qc7 Nxb3 19. cxb3 Qd3 20. Rad1 Qxe2 21. Bf6 1-0

[Event "Early-Titled-Tuesday-Blitz-September-05-2023"]
[Site "Chess.com"]
[Date "2023.09.05"]
[Round "1"]
[White "DrCeltic"]
[Black "PattyCastillo"]
[Result "1-0"]
[WhiteElo "2556"]
[BlackElo "1999"]
[TimeControl "180+1"]
[EndTime "8:05:06 PDT"]
[Termination "DrCeltic won by checkmate"]

1. e4 c5 2. Nf3 d6 3. d4 cxd4 4.
Nxd4 Nf6 5. Nc3 a6 6. Be3 e5 7.
Nf3 Be7 8. Bc4 Be6 9. Bxe6 fxe6 10. O-O O-O 11. Na4 Nc6 12. Ng5 b5 13. Nb6 Rb8 14. Nxe6 Qe8 15. Nxf8 Bxf8 16. Nd5 Nxe4 17. Nc7 Qf7 18. Qd5 Qxd5 19. Nxd5 Nd4 20. Bxd4 exd4 21. Rfd1 Rc8 22. Rxd4 Ng5 23. c3 Ne6 24. Re4 Nc5 25. Ne7+ Bxe7 26. Rxe7 Nd3 27. Rb1 b4 28. cxb4 Rc2 29.
Rd7 Nxf2 30. Rf1 Ng4 31. Rd8# 1-0

[Event "Early-Titled-Tuesday-Blitz-September-05-2023"]
[Site "Chess.com"]
[Date "2023.09.05"]
[Round "1"]
[White "OriTaichman"]
[Black "venturov"]
[Result "0-1"]
[WhiteElo "2641"]
[BlackElo "2383"]
[TimeControl "180+1"]
[EndTime "8:05:07 PDT"]
[Termination "venturov won by resignation"]

1. e4 Nf6 2. e5 Nd5 3. d4 d6 4.
c4 Nb6 5. exd6 cxd6 6. Nc3 g6 7.
Be3 Bg7 8. Rc1 O-O 9. b3 Bf5 10. Bd3 Bxd3 11. Qxd3 d5 12. c5 Nc8 13. f4 Nc6 14.
Nf3 e6 15. O-O N8e7 16. g4 f5 17. g5 b6 18. Na4 Rb8 19. Qa6 b5 20. Nb2 Nb4 21.
Qxa7 Nec6 22. Qa3 Ra8 23. Na4 bxa4 24. bxa4 Qa5 25. Ne5 Bxe5 26. dxe5 Qxa4 27. Qxa4 Rxa4 28. Rf2 Rfa8 29. Rb1 Rxa2 30. Bd2 Ra1 31. Rxa1 Rxa1+ 32. Kg2 Ra2 33. h4 Nd3 34. Re2 Nxc5 35. h5 Ne4 36. hxg6 Rxd2 37. gxh7+ Kxh7 0-1